 Dungeon Crawl Stone Soup version 0.29-a0-1065-g47a6bb8 (webtiles) character file.

Game seed: 4128272592958208518

41 XZede the Grave Robber (level 3, 24/24 HPs)
             Began as a Human Necromancer on Aug 18, 2022.
             Was an Initiate of Ru.
             Quit the game on level 2 of the Dungeon.
             The game lasted 00:25:32 (1788 turns).

XZede the Grave Robber (Human Necromancer)          Turns: 1788, Time: 00:25:33

Health: 24/24      AC:  2    Str:  8    XL:     3   Next: 75%
Magic:  5/6        EV: 12    Int: 23    God:    Ru [......]
Gold:   59         SH:  0    Dex: 13    Spells: 5/6 levels left

rFire   . . .      SeeInvis .   g - +0 whip
rCold   . . .      Faith    .   (no shield)
rNeg    . . .      Spirit   .   a - +0 robe
rPois   .          Reflect  .   (no helmet)
rElec   .          Harm     .   (no cloak)
rCorr   .          Rampage  .   (no gloves)
Will    .....                   (no boots)
Stlth   ++........              (no amulet)
HPRegen 0.08/turn               c - +6 ring of intelligence
MPRegen 0.10/turn               (no ring)

@: no status effects
A: no striking features
a: Renounce Religion, Sacrifice a Hand, Sacrifice Skill, Sacrifice an Eye,
Reject Sacrifices


You were on level 2 of the Dungeon.
You worshipped Ru.
Ru was noncommittal.
You visited 1 branch of the dungeon, and saw 2 of its levels.

You collected 59 gold pieces.

Inventory:

Hand Weapons
 g - a +0 whip (weapon)
Armour
 a - a +0 robe (worn)
Magical Staves
 d - a staff of conjuration
Jewellery
 c - a +6 ring of intelligence (left hand)
Scrolls
 e - a scroll of torment {unknown}
 h - 2 scrolls of identify {unknown}
 i - a scroll of teleportation {unknown}
 j - a scroll of enchant armour {unknown}
Potions
 b - a potion of magic
 f - a potion of might {unknown}


   Skills:
 + Level 0.3 Fighting
 * Level 2.5 Dodging
 + Level 2.4 Stealth
 * Level 2.4 Spellcasting
 + Level 4.3 Necromancy


You had 5 spell levels left.
You knew the following spells:

 Your Spells              Type           Power      Damage    Failure   Level
a - Necrotise             Necr           88%        1d8       1%          1

Your spell library contained the following spells:

 Spells                   Type           Power      Damage    Failure   Level
 Vampiric Draining        Necr           22%        2d7       6%          3
 Summon Small Mammal      Summ           8%         N/A       12%         1
 Animate Dead             Necr           22%        N/A       21%         4
 Call Canine Familiar     Summ           2%         N/A       36%         3
 Summon Guardian Golem    Hex/Summ       2%         N/A       36%         3
 Agony                    Necr           22%        N/A       50%         5


Dungeon Overview and Level Annotations

Branches:
Dungeon (2/15)

Altars:
Ru


Message History

Press: ? - help, Shift-Dir - straight line, f/p - worm
Aim: a worm (severely wounded, chance to affect: 86%)
The worm writhes in agony.
You hit the worm.
You kill the worm!
Your magical contamination has completely faded away.
You start resting.
Magic restored.
You now have 59 gold pieces (gained 13).
A bat comes into view.
A bat is nearby!
Casting: Necrotise (safe; 1% risk of failure)
Confirm with . or Enter, or press ? or * to list all spells.
Aiming: Necrotise (safe; 1% risk of failure)
Press: ? - help, Shift-Dir - straight line, f - bat
Aim: a bat (chance to affect: 91%)
The bat writhes in agony.
The bat hits you.
You hit the bat.
You kill the bat!
You see here a bat corpse.
Aiming: Necrotise (safe; 1% risk of failure)
Press: ? - help, Q - select action Shift-Dir - straight line
Okay, then.
A hobgoblin comes into view.
Casting: Necrotise (safe; 1% risk of failure)
Confirm with . or Enter, or press ? or * to list all spells.
Aiming: Necrotise (safe; 1% risk of failure)
Press: ? - help, Shift-Dir - straight line, f - hobgoblin
Aim: a hobgoblin (wandering, hasn't noticed you, chance to affect: 91%)
The hobgoblin shouts!
The hobgoblin writhes in agony!
You kill the hobgoblin!
The dead are walking!
You see here a bat corpse.
You can't go down here!
You see here a bat corpse.
Okay, then.
Unknown command.
Unknown command.
Are you sure you want to abandon this character and quit the game? (Confirm with "yes".)

#.##.###.......#.#
#.....>...........
#.##.#.#.......#<#
#.##.#.#.<########
######..........>....
#..............######
#........#####..#
#........+ #.##
#.....@..# ###
#........# #.....Z.)#
#........# #........#
########... .### .#
.'


You could see a friendly hobgoblin skeleton.

Vanquished Creatures
  A gnoll (D:1)
  A worm (D:2)
  A dart slug (D:1)
  A ball python (D:1)
  4 bats
  4 endoplasms (D:1)
  2 giant cockroaches (D:1)
  A goblin (D:1)
  2 hobgoblins
  2 jackals (D:1)
  A kobold (D:1)
  A frilled lizard (D:1)
  2 rats (D:1)
23 creatures vanquished.

Notes
Turn   | Place    | Note
-------+----------+-------------------------------------------
     0 | D:1      | XZede the Human Necromancer began the quest for the Orb.
     0 | D:1      | Reached XP level 1. HP: 13/13 MP: 3/3
   365 | D:1      | Reached XP level 2. HP: 19/19 MP: 0/5
   830 | D:1      | Reached XP level 3. HP: 14/24 MP: 2/6
  1552 | D:1      | Found a faded altar of an unknown god.
  1667 | D:1      | Prayed at the altar of an unknown god.
  1667 | D:1      | Became a worshipper of Ru the Awakened
  1788 | D:2      | Quit the game

Illustrated notes

Levels and vault maps discovered:
D:1:      evilmike_arrival_hilbert_curve, layout_loops_ring,
          ebering_ecumenical_altar_box, nicolae_grassy_gnolls
D:2:      layout_basic, interstate_on_off, minmay_fractal_squares_gapless_5

Action                   || total
-------------------------++-------
Melee: Unarmed           ||     7
       Whip              ||     2
 Cast: Necrotise         ||    53
Armor: Robe              ||     5
Dodge: Dodged            ||    18

Table legend: (Time is in decaauts)
 A = Elapsed time spent in this place.
 B = Non-inter-level travel time spent in this place.
 C = Inter-level travel time spent in this place.
 D = Time resting spent in this place.
 E = Time spent auto-exploring this place.
 F = Levels seen in this place.
 G = Mean time per level.
                   A        B        C        D        E       F      G
               +--------+--------+--------+--------+--------+-----+--------+
         Total |   1787 |   1601 |    186 |    720 |    718 |   2 |  893.5 |
       Dungeon |   1787 |   1601 |    186 |    720 |    718 |   2 |  893.5 |
               +--------+--------+--------+--------+--------+-----+--------+

Top non-repeatable levels by time:
     D:1: 1686 daAuts
     D:2: 101 daAuts
